 Dungeon Crawl Stone Soup version 0.25-a0-713-g4845790874 (webtiles) character file.

Game seed: 8895793744519248222, levelgen mode: deterministic

78628 Mgcat the Severer (level 15, -6/124 HPs)
             Began as a Mummy Berserker on Apr 5, 2020.
             Was a High Priest of Trog.
             Killed from afar by a deep elf mage (29 damage)
             ... with a bolt of lightning
             ... on level 14 of the Dungeon.
             The game lasted 01:23:50 (31057 turns).

Mgcat the Severer (Mummy Berserker)                Turns: 31057, Time: 01:23:51

Health: -6/124     AC: 19    Str: 26    XL:     15   Next: 18%
Magic:  19/19      EV:  4    Int:  8    God:    Trog [*****.]
Gold:   756        SH: 16    Dex:  9    Spells: 14/14 levels left

rFire    . . .     SeeInvis +   o - +1 broad axe (venom)
rCold    + . .     Gourm    .   z - +0 tower shield {rC+}
rNeg     + + +     Faith    .   q - +1 plate armour of Narcissism {MR+ Dex-4 SInv}
rPois    ∞         Spirit   .   s - +0 helmet
rElec    .         Reflect  .   w - +0 cloak of Lies {MR+ Dex+2}
rCorr    +         Harm     .   b - +0 pair of gloves
MR       +++..                  m - +0 pair of boots
Stlth    ..........             (no amulet)
HPRegen  0.30/turn              r - ring of resist corrosion
MPRegen  0.16/turn              g - ring of fire {rF+, rC-}

@: no status effects
A: no food or potions, fire vulnerability, cold resistance 1, negative energy
resistance 3, torment resistance, unbreathing, in touch with death 1
a: Trog's Hand, Brothers in Arms, Renounce Religion


You were on level 14 of the Dungeon.
You worshipped Trog.
Trog was extremely pleased with you.
You were not hungry.

You visited 3 branches of the dungeon, and saw 22 of its levels.
You visited 1 bazaar.

You collected 1925 gold pieces.
You spent 1169 gold pieces at shops.

Inventory:

Hand Weapons
 o - a +1 broad axe of venom (weapon)
   (You bought it in a shop in a bazaar)
 B - a +2 war axe of flaming
   (You took it off a human on level 14 of the Dungeon)
Missiles
 d - 559 stones
 l - 10 silver javelins (quivered)
 v - 3 throwing nets {=f, !d}
Armour
 b - a +0 pair of gloves (worn)
   (You found it on level 1 of the Dungeon)
 m - a +0 pair of boots (worn)
   (You found it on level 7 of the Dungeon)
 q - the +1 plate armour of Narcissism (worn) {MR+ Dex-4 SInv}
   (You took it off a vault guard on level 14 of the Dungeon)

   It affects your dexterity (-4).
   It affects your resistance to hostile enchantments.
   It lets you see invisible.
 s - a +0 helmet (worn)
   (You found it on level 6 of the Dungeon)
 w - the +0 cloak of Lies (worn) {MR+ Dex+2}
   (You found it on level 6 of the Dungeon)

   It affects your dexterity (+2).
   It affects your resistance to hostile enchantments.
 z - a +0 tower shield of cold resistance (worn)
   (You bought it in a shop in a bazaar)
Jewellery
 g - a ring of fire (right hand) {rF+, rC-}
   (You took it off a centaur on level 12 of the Dungeon)
 h - an uncursed ring of flight {+Fly, !d}
   (You found it on level 2 of the Dungeon)
 r - a ring of resist corrosion (left hand)
   (You found it on level 5 of the Lair of Beasts)
 u - an uncursed ring of protection from magic {MR+, !d}
   (You found it on level 3 of the Lair of Beasts)
Wands
 n - a wand of flame (19)
   (You found it on level 5 of the Dungeon)
 p - a wand of iceblast (18)
   (You took it off Ijyb on level 3 of the Dungeon)
Scrolls
 c - 4 scrolls of magic mapping {!r}
 e - a scroll of teleportation
 f - 14 scrolls of identify
 i - 4 scrolls of blinking {!r}
 j - 15 scrolls of remove curse
 k - a scroll of fear
 t - 2 scrolls of fog
 x - a scroll of holy word {!r!r}


   Skills:
 + Level 13.4 Fighting
 + Level 16.3 Axes
 + Level 6.5 Armour
 - Level 3.0 Dodging
 + Level 6.5 Shields
 + Level 5.3 Evocations


You had 14 spell levels left.
You didn't know any spells.
Your spell library was empty.

Dungeon Overview and Level Annotations

Branches:
Dungeon (14/15)            Temple (0/1) D:4            Lair (6/6) D:8
 Shoals (0/4) Lair:3       Spider (0/4) Lair:4        Slime (0/5) Lair:6
    Orc (2/2) D:12            Elf (0/3) Orc:2
 Vaults: D:13-14

Altars:
Dithmenos
Fedhas
Gozag
Hepliaklqana
Kikubaaqudgha
Sif Muna
Trog
Xom
Zin
Beogh
Jiyva

Shops:
D:6 [:   Orc:2 **(}

Portals:
Pandemonium: Orc:2

Annotations:
D:13 1 runed translucent door, Rotter5's ghost, journeyman DrIE
Lair:1 HYDRA 18heads
Lair:5 3 runed translucent doors, exclusion: oklob plant, Bodu's ghost, journeyman NaFi
Lair:6 3 runed translucent doors, Scuka's ghost, journeyman GnSk
Orc:2 1 runed translucent door, bmj180's ghost, journeyman DrCj


Innate Abilities, Weirdness & Mutations

You do not eat or drink.
Your flesh is vulnerable to fire.
You are immune to poison.
Your flesh is cold resistant. (rC+)
You are immune to negative energy. (rN+++)
You are immune to unholy pain and torment.
You can survive without breathing.
You are in touch with the powers of death.


Message History

Unknown command.
Drop what? 26/52 slots (_ for help) (? for menu, Esc to quit)
You drop a +1 plate armour of magic resistance.
Unknown command.
Unknown command.
Things that are here:
a +2 scimitar of flaming; a scarf of spirit shield; a +3 plate armour You see here a +0 great mace.
Things that are here:
the +1 tower shield "Ifetagh" {rElec rF- Int+5} a glowing mace {god gift}
Items here: )) [[ ÷÷ a +0 great mace; a +0 chain mail; a +2 long sword; a +0 chain mail a human skeleton x2
You see here a human skeleton.
A vault guard comes into view. It is wielding a +0 bardiche.
A deep elf mage comes into view. It is wielding a +0 long sword.
Spoiler Alert: The deep elf mage (wandering) can cast fireball and slow!
Unknown command.
Lua error: [string "/dgldir/rcfiles/crawl-git/Mgcat.rc"]:930: invalid capture index Unknown command.
Lua error: [string "/dgldir/rcfiles/crawl-git/Mgcat.rc"]:930: invalid capture index Unknown command.
Lua error: [string "/dgldir/rcfiles/crawl-git/Mgcat.rc"]:930: invalid capture index Spoiler Alert: The deep elf mage (wandering) can cast fireball and slow!
Unknown command.
Lua error: [string "/dgldir/rcfiles/crawl-git/Mgcat.rc"]:930: invalid capture index The deep elf mage shouts!
The deep elf mage gestures at you while chanting.
The bolt of lightning hits you!
Unknown command.
You take 14 damage, and have 110/124 hp.
Spoiler Alert: The deep elf mage can cast fireball and slow!
Unknown command.
Unknown command.
Unknown command.
You start resting.
The vault guard is too close now for your liking.
The vault guard hits you with a +0 bardiche!
You take 9 damage, and have 105/124 hp.
Spoiler Alert: The deep elf mage can cast fireball and slow!
You slice the vault guard!!
The vault guard looks as sick as possible!
The vault guard is moderately wounded.
You block the vault guard's attack.
You hit the vault guard but do no damage.
The vault guard looks as sick as possible!
The vault guard is heavily wounded.
The deep elf mage mumbles some strange words.
The deep elf mage blinks!
Spoiler Alert: The deep elf mage can cast fireball and slow!
You closely miss the vault guard.
The vault guard is heavily wounded.
You block the vault guard's attack.
You closely miss the vault guard.
The vault guard is heavily wounded.
You block the vault guard's attack.
Spoiler Alert: The deep elf mage can cast fireball and slow!
You closely miss the vault guard.
The vault guard is heavily wounded.
You hit the vault guard.
The vault guard looks as sick as possible!
The vault guard is heavily wounded.
You block the vault guard's attack.
The deep elf mage gestures wildly while chanting.
The deep elf mage blinks!
Spoiler Alert: The deep elf mage can cast fireball and slow!
You hit the vault guard.
The vault guard looks as sick as possible!
The vault guard is severely wounded.
You miss the deep elf mage. You closely miss the vault guard.
The vault guard is severely wounded.
You slash the deep elf mage!
The deep elf mage gestures wildly while chanting.
The deep elf mage blinks!
You block the vault guard's attack.
Spoiler Alert: The deep elf mage can cast fireball and slow!
You slice the vault guard!!
The vault guard looks as sick as possible!
The vault guard is almost dead.
You slash the vault guard!
You kill the vault guard!
Trog accepts your kill. The deep elf mage casts a spell at you.
The bolt of lightning hits you!! x2
You take 55 damage, and have 53/124 hp.
MASSIVE DAMAGE!!
Spoiler Alert: The deep elf mage can cast fireball and slow!
You are too injured to fight recklessly!
You are too injured to fight recklessly!
The deep elf mage gestures at you while chanting.
The bolt of lightning hits you!!
* * * LOW HITPOINT WARNING * * *
You take 31 damage, and have 22/124 hp.
MASSIVE DAMAGE!!
Spoiler Alert: The deep elf mage can cast fireball and slow!
You block the deep elf mage's attack.
You closely miss the deep elf mage.
The deep elf mage is lightly wounded.
The deep elf mage gestures at you while chanting.
The bolt of lightning hits you!!
You die...

#.# #.#
#.# #.# .#
#.# ..#
#.# #..#
#.# #..#
#)#####..#
#...@e...#
#........#
#÷.......#
#)####...#
#[# #...#
#.# #...##
#)# #p...#
#.# ##'''#
#)#
#§§≈p.'


You could see a deep elf mage.

Vanquished Creatures
  Erolcha (D:9)
  4 vault guards (D:14)
  3 hydras
  A catoblepas (D:13)
  Erica (D:9)
  A two-headed ogre (D:8)
  A tengu warrior (D:12)
  5 orc high priests (Orc:2)
  Nergalle (Lair:3)
  2 soul eaters (Orc:2)
  An infernal demonspawn (Orc:2)
  A gelid demonspawn (Orc:2)
  A torturous demonspawn (Orc:2)
  An unseen horror (D:10)
  Pikel (D:7)
  9 ugly things
  3 orc knights (Orc:2)
  A cyclops (D:12)
  5 orc sorcerers (Orc:2)
  A manticore (D:13)
  6 black mambas
  7 elephants (Lair:6)
  18 spiny frogs
  A rust devil (Orc:2)
  A gargoyle (D:10)
  A rime drake (Lair:3)
  A kobold demonologist (D:12)
  An ice devil (Orc:2)
  11 komodo dragons
  2 merfolk (Lair:3)
  A red devil (Orc:2)
  A tengu conjurer (D:12)
  4 trolls
  2 polar bears
  6 slime creatures (D:12)
  10 dream sheep (Lair:6)
  21 blink frogs
  9 hippogriffs
  A meliai zombie (D:10)
  A ynoxinul (Orc:2)
  A shadow (D:12)
  49 yaks
  8 humans (D:14)
  2 wyverns
  A vampire (D:11)
  A chaos spawn (Orc:2)
  5 basilisks
  3 vampire mosquitoes (D:12)
  4 wargs (Orc:2)
  Duvessa (D:7)
  An acid dragon (D:14)
  12 porcupines
  16 water moccasins
  An ice beast (D:5)
  3 slaves (D:6)
  40 orc warriors
  A hornet zombie (D:14)
  An eye of draining (D:11)
  7 ogres
  4 phantoms
  10 wolves
  13 centaurs
  9 crocodiles
  A big kobold (D:9)
  16 bullfrogs
  4 scorpions
  A wyvern skeleton (D:11)
  Dowan (D:7)
  11 killer bees
  6 wights
  5 electric eels
  5 crimson imps
  A bullfrog zombie (D:12)
  5 centaur zombies
  2 jellies (D:11)
  6 hounds
  A quasit (D:9)
  34 orc priests
  Crazy Yiuf (D:3)
  2 centaur skeletons
  27 orc wizards
  2 bullfrog skeletons
  2 iguanas
  8 worker ants
  Ijyb (D:3)
  A killer bee zombie (D:7)
  3 hound skeletons
  8 gnolls
  11 adders
  2 shadow imps
  An adder zombie (D:5)
  6 worms
  5 dart slugs
  6 leopard geckos
  100 orcs
  9 bats
  5 giant cockroaches
  11 goblins
  17 hobgoblins
  6 jackals
  16 kobolds
  4 quokkas
  4 ball pythons
  6 frilled lizards
  A leopard gecko skeleton (D:4)
  A quokka skeleton (D:5)
  6 rats
  6 fungi
  A plant (Lair:2)
720 creatures vanquished.

Vanquished Creatures (collateral kills)
  Rupert (Lair:3)
  Snorg (Lair:3)
  2 hydras (D:12)
  An orc high priest (Orc:2)
  An orc knight (Orc:2)
  2 elephants (Lair:6)
  A centaur skeleton (D:12)
9 creatures vanquished.

Vanquished Creatures (others)
  The ghost of Zorot the Stinger, a novice OpVM of Vehumet (D:6)
  A bullfrog (D:7)
  4 fungi
  8 plants
14 creatures vanquished.

Grand Total: 743 creatures vanquished

Notes
Turn   | Place    | Note
-------+----------+-------------------------------------------
     0 | D:1      | Mgcat the Mummy Berserker began the quest for the Orb.
     0 | D:1      | Reached XP level 1. HP: 18/18 MP: 1/1
   279 | D:1      | Reached XP level 2. HP: 22/24 MP: 2/2
   473 | D:1      | Reached skill level 3 in Axes
   648 | D:1      | Reached XP level 3. HP: 29/29 MP: 3/3
   971 | D:2      | Reached ** piety under Trog
  1371 | D:2      | Found a shadowy altar of Dithmenos.
  1703 | D:2      | Reached XP level 4. HP: 29/37 MP: 4/4
  1981 | D:2      | Found a shimmering blue altar of Sif Muna.
  2380 | D:3      | Reached skill level 4 in Axes
  2508 | D:2      | Reached skill level 4 in Fighting
  2518 | D:3      | HP: 6/37 [gnoll/+0 halberd (5)]
  2599 | D:3      | Reached XP level 5. HP: 34/42 MP: 5/5
  2632 | D:3      | Found a runed translucent door.
  2633 | D:3      | Noticed Crazy Yiuf
  3054 | D:3      | Noticed Ijyb
  3070 | D:3      | Killed Ijyb
  3201 | D:3      | HP: 6/42 [Crazy Yiuf/+3 quarterstaff of chaos (8)]
  3204 | D:3      | Killed Crazy Yiuf
  3527 | D:4      | Noticed an ogre
  3529 | D:4      | Reached XP level 6. HP: 49/49 MP: 6/6
  3532 | D:4      | Reached skill level 5 in Axes
  3790 | D:4      | HP: 9/49 [orc priest/divine providence (9)]
  3791 | D:5      | Entered Level 5 of the Dungeon
  4040 | D:4      | You fall into a shaft and drop 3 floors!
  4052 | D:7      | Noticed an orc warrior
  4065 | D:7      | Found an opulent altar of Gozag.
  4073 | D:7      | Noticed Dowan
  4074 | D:7      | Noticed Duvessa
  4266 | D:6      | Found Sainn's General Store.
  4278 | D:6      | Found Rabyzieqaq's Book Emporium.
  4327 | D:6      | Reached skill level 5 in Fighting
  4505 | D:4      | Reached XP level 7. HP: 49/56 MP: 7/7
  4529 | D:4      | Found a staircase to the Ecumenical Temple.
  4649 | D:4      | Reached skill level 6 in Axes
  4823 | D:4      | Reached *** piety under Trog
  5409 | D:5      | Reached skill level 6 in Fighting
  5437 | D:5      | Reached skill level 7 in Axes
  5437 | D:5      | Reached XP level 8. HP: 64/64 MP: 8/8
  5472 | D:5      | Found an ancient bone altar of Kikubaaqudgha.
  5516 | D:5      | Found a hazy altar of Hepliaklqana.
  5714 | D:5      | Reached skill level 2 in Armour
  5889 | D:5      | Reached skill level 1 in Shields
  6101 | D:6      | Found Magyxin's Armour Boutique.
  6108 | D:6      | Bought a +2 scale mail of fire resistance for 273 gold
                  | pieces
  6198 | D:6      | Found a runed translucent gate.
  6199 | D:6      | Found a runed translucent gate.
  6199 | D:6      | Found a runed translucent gate.
  6201 | D:6      | Noticed Zorot's ghost (novice OpVM)
  6204 | D:6      | Found a roughly hewn altar of Beogh.
  6206 | D:6      | Identified the cursed +1 chain mail "Fyurutop" {rF+ MP+9
                  | Int-2 Dex+2}
  6296 | D:6      | Found a blossoming altar of Fedhas.
  6519 | D:7      | Noticed Pikel
  6810 | D:7      | Killed Pikel
  6810 | D:7      | Reached skill level 7 in Fighting
  6810 | D:7      | Reached skill level 8 in Axes
  6810 | D:7      | Reached skill level 3 in Armour
  6810 | D:7      | Reached skill level 2 in Shields
  6810 | D:7      | Reached XP level 9. HP: 71/72 MP: 9/9
  7120 | D:7      | Killed Dowan
  7126 | D:7      | Killed Duvessa
  7133 | D:7      | Reached skill level 3 in Shields
  7560 | D:8      | Reached **** piety under Trog
  7768 | D:8      | Found a staircase to the Lair.
  7769 | D:8      | Noticed a komodo dragon
  7786 | D:8      | Killed a komodo dragon
  7869 | D:8      | Noticed a two-headed ogre
  7879 | D:8      | Killed a two-headed ogre
  7879 | D:8      | Reached skill level 8 in Fighting
  7879 | D:8      | Reached skill level 9 in Axes
  8359 | D:9      | Reached XP level 10. HP: 32/82 MP: 10/10
  8545 | D:9      | Noticed Erolcha
  8555 | D:9      | Killed Erolcha
  8555 | D:9      | Reached skill level 10 in Axes
  8873 | D:9      | Noticed Erica
  8889 | D:9      | Killed Erica
  8889 | D:9      | Reached skill level 9 in Fighting
  9225 | D:10     | Entered Level 10 of the Dungeon
  9395 | D:10     | Noticed a gargoyle
  9740 | D:9      | Reached skill level 11 in Axes
  9890 | D:9      | Reached XP level 11. HP: 85/90 MP: 11/11
  9972 | D:10     | Reached skill level 10 in Fighting
 10438 | D:10     | Killed an unseen horror
 10736 | D:11     | Noticed a green ugly thing
 10750 | D:11     | Killed a green ugly thing
 10750 | D:11     | Reached skill level 12 in Axes
 11795 | Lair:1   | Entered Level 1 of the Lair of Beasts
 11825 | Lair:1   | Reached skill level 11 in Fighting
 12261 | Lair:1   | Noticed an eight-headed hydra
 12280 | Lair:1   | HP: 21/93 [18-headed hydra (3)]
 12293 | Lair:1   | HP: 20/93 [water moccasin (4)]
 12625 | Lair:1   | Reached XP level 12. HP: 89/100 MP: 12/12
 12635 | Lair:1   | Reached skill level 13 in Axes
 13779 | Lair:2   | HP: 25/102 [komodo dragon (20)]
 13781 | Lair:2   | HP: 3/102 [komodo dragon (24)]
 13802 | Lair:2   | HP: 17/102 [komodo dragon (9)]
 14099 | Lair:2   | Reached skill level 12 in Fighting
 14099 | Lair:2   | Reached skill level 1 in Evocations
 14326 | Lair:3   | Noticed Nergalle
 14345 | Lair:3   | Killed Nergalle
 14374 | Lair:3   | Reached skill level 2 in Evocations
 14381 | Lair:3   | Reached skill level 14 in Axes
 15215 | Lair:3   | Noticed Snorg
 15228 | Lair:3   | Killed Snorg
 15228 | Lair:3   | Reached skill level 3 in Evocations
 15287 | Lair:3   | Noticed Rupert
 15305 | Lair:3   | Killed Rupert
 15305 | Lair:3   | Gained mutation: You are in touch with the powers of death.
                  | [Mummy growth]
 15305 | Lair:3   | Reached XP level 13. HP: 35/109 MP: 15/15
 16034 | Lair:3   | Found a staircase to the Shoals.
 17071 | Lair:4   | Found a hole to the Spider Nest.
 17739 | Lair:5   | Noticed Bodu's ghost (journeyman NaFi)
 17855 | Lair:5   | Reached skill level 4 in Evocations
 18485 | Lair:5   | Found a glowing silver altar of Zin.
 18950 | Lair:5   | Found a runed translucent gate.
 18951 | Lair:5   | Found a runed translucent gate.
 18952 | Lair:5   | Found a runed translucent gate.
 19118 | Lair:6   | Entered Level 6 of the Lair of Beasts
 19348 | Lair:6   | Found a viscous altar of Jiyva.
 19417 | Lair:6   | Reached skill level 4 in Armour
 19496 | Lair:6   | Reached skill level 4 in Shields
 19518 | Lair:6   | Reached skill level 15 in Axes
 19792 | Lair:6   | Found a staircase to the Slime Pits.
 19804 | Lair:6   | Reached skill level 5 in Evocations
 19859 | Lair:6   | Found a runed translucent gate.
 19859 | Lair:6   | Found a runed translucent gate.
 19859 | Lair:6   | Found a runed translucent gate.
 19860 | Lair:6   | Noticed Scuka's ghost (journeyman GnSk)
 20044 | Lair:6   | Reached XP level 14. HP: 80/116 MP: 17/17
 21030 | D:12     | Reached ***** piety under Trog
 21030 | D:12     | Received a gift from Trog
 21039 | D:12     | Reached skill level 5 in Armour
 21078 | D:12     | Reached skill level 5 in Shields
 21361 | D:12     | Found a staircase to the Orcish Mines.
 21709 | D:12     | HP: 28/116 [seven-headed hydra (10)]
 21710 | D:12     | HP: 9/116 [seven-headed hydra (9)]
 21710 | D:12     | HP: 4/116 [seven-headed hydra (5)]
 22845 | Orc:1    | Entered Level 1 of the Orcish Mines
 23044 | Orc:2    | Entered Level 2 of the Orcish Mines
 23268 | Orc:2    | Reached skill level 16 in Axes
 23436 | Orc:2    | Found a staircase to the Elven Halls.
 23462 | Orc:2    | Found a runed translucent door.
 23523 | Orc:2    | Found a shimmering altar of Xom.
 23523 | Orc:2    | Noticed bmj180's ghost (journeyman DrCj)
 23622 | Orc:2    | Found a bloodstained altar of Trog.
 23893 | Orc:2    | Found a gateway to a bazaar.
 24053 | Orc:2    | HP: 29/116 [ice devil (5)]
 24521 | Orc:2    | Reached skill level 2 in Dodging
 24868 | Orc:2    | Found Waotz's General Store.
 24870 | Orc:2    | Found Keittif's General Store.
 26294 | Orc:2    | Reached skill level 13 in Fighting
 26422 | Orc:2    | Reached skill level 3 in Dodging
 27394 | Orc:2    | Found Zeun's Antique Weapon Boutique.
 27394 | Orc:2    | Found a one-way gate leading to the halls of Pandemonium.
 27394 | Orc:2    | Found Tafaotec's Gadget Shop.
 27463 | Bazaar   | Entered a bazaar
 27463 | Bazaar   | Found Piffer's Armour Shop.
 27465 | Bazaar   | Found Fualab's Distillery.
 27476 | Bazaar   | Found Xyredwo's Armour Boutique.
 27485 | Bazaar   | Found Yhapsod's Antique Weapon Shoppe.
 27493 | Bazaar   | Bought a runed broad axe for 189 gold pieces
 27534 | Bazaar   | Bought a +0 tower shield of cold resistance for 103 gold
                  | pieces
 27544 | Bazaar   | Bought a +1 plate armour of magic resistance for 315 gold
                  | pieces
 27569 | Bazaar   | Bought the +3 pair of boots of Leaw {Regen+ Str+3 Int-5}
                  | for 289 gold pieces
 27713 | Orc:1    | Reached skill level 6 in Armour
 27715 | Orc:1    | Reached skill level 6 in Shields
 28633 | D:13     | Found a runed translucent door.
 28634 | D:13     | Noticed Rotter5's ghost (journeyman DrIE)
 29432 | D:6      | Killed Zorot's ghost
 29799 | D:6      | Got a jewelled cloak
 29801 | D:6      | Identified the +0 cloak of Lies {MR+ Dex+2} (You found it
                  | on level 6 of the Dungeon)
 30256 | D:14     | Reached XP level 15. HP: 124/124 MP: 18/18
 30575 | D:14     | Identified the +1 tower shield "Ifetagh" {rElec rF- Int+5}
 30614 | D:14     | Received a gift from Trog
 30754 | D:14     | Identified the +1 plate armour of Narcissism {MR+ Dex-4
                  | SInv}
 31055 | D:14     | HP: 22/124 [deep elf mage/bolt of lightning (31)]
 31057 | D:14     | Killed from afar by a deep elf mage

Levels and vault maps discovered:
D:1:      dpeg_arrival_erosion, layout_basic
D:2:      layout_basic, nicolae_overflow_crystal_walls, marbit_many_paths
D:3:      layout_loops_ring, first_ration, uniq_ijyb, uniq_crazy_yiuf_cottage
D:4:      corexii_shantytown, layout_basic, minmay_temple_entry_tees,
          serial_glass, glass_columns_a, glass_columns_a
D:5:      layout_loops_ring, grunt_temple_overflow_open, serial_glass,
          glass_columns_a, glass_columns_c
D:6:      layout_basic, old_standard_altar, serial_shops,
          nicolae_shop_statue_plus, nicolae_shop_stone, shop,
          biasface_ghost_orc_armoury
D:7:      layout_rooms, grunt_gozag_statues, uniq_duvessa, uniq_pikel
D:8:      layout_cave_pods, david_lair_shrubbed
D:9:      layout_rooms, uniq_erica, uniq_erolcha
D:10:     layout_rooms, grunt_ogre_cave
D:11:     layout_roguey
D:12:     layout_loops_ring, david_orc_4
D:13:     layout_cave_pools, hellmonk_ghost_happy_afterlife
D:14:     layout_long_grid, ximxim_vaults_locker_room, gammafunk_ghost_spectres,
          minivault_14, fountainhead
Lair:1:   layout_roguey, grunt_megastairs_5, lemuel_fruit_fields
Lair:2:   layout_roguey
Lair:3:   layout_regular_city, elwin_shoals_entry_rooms, uniq_snorg,
          uniq_nergalle, uniq_rupert
Lair:4:   layout_long_grid, spider_nest_entry_a, serial_bayou,
          serial_bayou_lagoon_b, serial_bayou_shore_b, serial_bayou_ford_a,
          serial_bayou_crossing, serial_bayou_shore_a,
          nicolae_quartered_pool_medium
Lair:5:   layout_cave_shapes, gammafunk_ghost_split, lemuel_oklob_altar,
          serial_bayou_shore_b
Lair:6:   due_jungle_book, layout_long_grid, slime_altar_1,
          gammafunk_ghost_split, infiniplex_staircase_pool
Orc:1:    layout_diamond_mine
Orc:2:    pf_orc_diabolical, layout_caves, ebering_ghost_xom, serial_shops,
          bzr_entry_dummy, bloody_trog

Skill      XL: |  1  2  3  4  5  6  7  8  9 10 11 12 13 14 |
---------------+-------------------------------------------+-----
Axes           | 3 4 5 7 8 9 11 12 14 15 16 | 16.3
Fighting       | 4 5 6 7 8 9 11 12 13 | 13.4
Armour         | 3 4 6 |  6.5
Shields        | 2 3 4 6 |  6.5
Evocations     | 3 5 |  5.3
Dodging        | 3 |  3.0

Action                   |  1- 3 |  4- 6 |  7- 9 | 10-12 | 13-15 || total
-------------------------+-------+-------+-------+-------+-------++-------
Melee: Hand axe          |   152 |   102 |       |       |       ||   254
       War axe           |       |   156 |   379 |   772 |  1215 ||  2522
       Broad axe         |       |       |       |       |   278 ||   278
       Scimitar          |       |       |       |       |     5 ||     5
Throw: Stone             |       |       |     1 |       |       ||     1
       Javelin           |       |       |       |     2 |    10 ||    12
Invok: Trog's Hand       |     1 |    10 |    11 |    22 |    27 ||    71
       Brothers in Arms  |       |       |       |     2 |     4 ||     6
Evoke: Wand              |       |       |     2 |     6 |    34 ||    42
  Use: Scroll            |       |     8 |     3 |     3 |     6 ||    20
 Stab: Paralysed         |       |       |     6 |    11 |       ||    17
Armor: Chain mail        |    56 |   193 |   113 |       |       ||   362
       Animal skin       |     2 |       |       |       |       ||     2
       Scale mail        |       |       |    86 |   188 |       ||   274
       Plate armour      |       |       |       |   232 |   629 ||   861
Dodge: Dodged            |    76 |   112 |   129 |   247 |   199 ||   763
Block: Kite shield       |       |       |   100 |   363 |   417 ||   880
       Tower shield      |       |       |       |       |   173 ||   173

Table legend:
 A = Non-vault XP
 B = Vault XP
 C = Vault XP percentage of total XP
 D = Non-vault monster count
 E = Vault monster count
 F = Vault count percentage of total count
                 A         B        C        D         E       F
            +---------+---------+-------+---------+---------+-------
      Total |   79977 |   32350 |  28.8 |     563 |     157 |  21.8
            +---------+---------+-------+---------+---------+-------
        D:1 |      50 |       0 |   0.0 |      24 |       0 |   0.0
        D:2 |      69 |       2 |   2.8 |      20 |       1 |   4.8
        D:3 |     116 |      73 |  38.6 |      28 |       2 |   6.7
        D:4 |     681 |     123 |  15.3 |      24 |      32 |  57.1
        D:5 |     693 |       0 |   0.0 |      20 |       0 |   0.0
        D:6 |     359 |     402 |  52.8 |      17 |      10 |  37.0
        D:7 |     735 |     855 |  53.8 |      15 |       3 |  16.7
        D:8 |    1127 |     361 |  24.3 |       8 |       1 |  11.1
        D:9 |    4053 |    1948 |  32.5 |      41 |       2 |   4.7
       D:10 |    3304 |     121 |   3.5 |      18 |       1 |   5.3
       D:11 |    3294 |       3 |   0.1 |      27 |       1 |   3.6
       D:12 |   10008 |     764 |   7.1 |      38 |      17 |  30.9
       D:13 |    4145 |       0 |   0.0 |      27 |       0 |   0.0
       D:14 |    3227 |    5588 |  63.4 |      14 |      12 |  46.2
     Lair:1 |    7353 |     192 |   2.5 |      38 |       2 |   5.0
     Lair:2 |    4761 |       0 |   0.0 |      18 |       0 |   0.0
     Lair:3 |    6448 |    3964 |  38.1 |      25 |       5 |  16.7
     Lair:4 |    3603 |       0 |   0.0 |      19 |       0 |   0.0
     Lair:5 |    7663 |       0 |   0.0 |      31 |       0 |   0.0
     Lair:6 |   14842 |       0 |   0.0 |      47 |       0 |   0.0
      Orc:1 |     625 |       0 |   0.0 |      16 |       0 |   0.0
      Orc:2 |    2821 |   17954 |  86.4 |      48 |      68 |  58.6
            +---------+---------+-------+---------+---------+-------

Levels and vault maps discovered:
D:1:      dpeg_arrival_erosion, layout_basic
D:2:      layout_basic, nicolae_overflow_crystal_walls, marbit_many_paths
D:3:      layout_loops_ring, first_ration, uniq_ijyb, uniq_crazy_yiuf_cottage
D:4:      corexii_shantytown, layout_basic, minmay_temple_entry_tees,
          serial_glass, glass_columns_a, glass_columns_a
D:5:      layout_loops_ring, grunt_temple_overflow_open, serial_glass,
          glass_columns_a, glass_columns_c
D:6:      layout_basic, old_standard_altar, serial_shops,
          nicolae_shop_statue_plus, nicolae_shop_stone, shop,
          biasface_ghost_orc_armoury
D:7:      layout_rooms, grunt_gozag_statues, uniq_duvessa, uniq_pikel
D:8:      layout_cave_pods, david_lair_shrubbed
D:9:      layout_rooms, uniq_erica, uniq_erolcha
D:10:     layout_rooms, grunt_ogre_cave
D:11:     layout_roguey
D:12:     layout_loops_ring, david_orc_4
D:13:     layout_cave_pools, hellmonk_ghost_happy_afterlife
D:14:     layout_long_grid, ximxim_vaults_locker_room, gammafunk_ghost_spectres,
          minivault_14, fountainhead
Lair:1:   layout_roguey, grunt_megastairs_5, lemuel_fruit_fields
Lair:2:   layout_roguey
Lair:3:   layout_regular_city, elwin_shoals_entry_rooms, uniq_snorg,
          uniq_nergalle, uniq_rupert
Lair:4:   layout_long_grid, spider_nest_entry_a, serial_bayou,
          serial_bayou_lagoon_b, serial_bayou_shore_b, serial_bayou_ford_a,
          serial_bayou_crossing, serial_bayou_shore_a,
          nicolae_quartered_pool_medium
Lair:5:   layout_cave_shapes, gammafunk_ghost_split, lemuel_oklob_altar,
          serial_bayou_shore_b
Lair:6:   due_jungle_book, layout_long_grid, slime_altar_1,
          gammafunk_ghost_split, infiniplex_staircase_pool
Orc:1:    layout_diamond_mine
Orc:2:    pf_orc_diabolical, layout_caves, ebering_ghost_xom, serial_shops,
          bzr_entry_dummy, bloody_trog

Table legend:
 A = Turns spent in this place as a percentage of turns spent in the entire game.
 B = Non-inter-level travel turns spent in this place as a percentage of non-inter-level travel turns spent in the entire game.
 C = Inter-level travel turns spent in this place as a percentage of turns spent in this place.
 D = Turns resting spent in this place as a percentage of non-inter-level travel turns spent in this place.
 E = Turns spent auto-exploring this place as a percentage of non-inter-level travel turns spent in this place.
 F = Non-inter-level travel turns spent in this place divided by the number of levels of this place that you've seen.
                   A       B       C       D       E      F
               +-------+-------+-------+-------+-------+----------------------
         Total | 100.0 | 100.0 |   6.0 |  41.7 |  38.2 | 1269.2
       Dungeon |  55.1 |  53.6 |   8.6 |  37.3 |  42.4 | 1117.1
          Lair |  29.2 |  30.3 |   2.5 |  40.8 |  41.2 | 1475.0
  Orcish Mines |  15.3 |  15.7 |   3.4 |  59.7 |  17.9 | 2289.5
        Bazaar |   0.4 |   0.4 |   0.0 |   0.0 |  51.2 | 123.0
               +-------+-------+-------+-------+-------+----------------------

Table legend:
 A = Kills in this place as a percentage of kills in entire the game.
 B = Kills by you in this place as a percentage of kills by you in the entire game.
 C = Kills by friends in this place as a percentage of kills by friends in the entire game.
 D = Other kills in this place as a percentage of other kills in the entire game.
 E = Experience gained in this place as a percentage of experience gained in the entire game.
 F = Experience gained in this place divided by the number of levels of this place that you have seen.
                   A       B       C       D       E      F
               +-------+-------+-------+-------+-------+----------------------
         Total | 100.0 | 100.0 | 100.0 | 100.0 | 100.0 | 4883.8
       Dungeon |  56.0 |  56.2 |  33.3 | 100.0 |  37.5 | 3007.2
          Lair |  25.7 |  25.5 |  44.4 |   0.0 |  43.5 | 8137.7
  Orcish Mines |  18.3 |  18.3 |  22.2 |   0.0 |  19.1 | 10700.0
               +-------+-------+-------+-------+-------+----------------------
